 Dungeon Crawl Stone Soup version 0.29-a0-468-ge57f7f99b4 (webtiles) character file.

Game seed: 13059312965153758029

259 greenreed the Poker (level 6, 0/56 HPs)
             Began as a Hill Orc Monk on May 21, 2022.
             Was a Believer of Beogh.
             Slain by a black bear (5 damage)
             ... on level 4 of the Dungeon.
             The game lasted 00:08:18 (4262 turns).

greenreed the Poker (Hill Orc Monk)                 Turns: 4262, Time: 00:08:18

Health: 0/56       AC:  5    Str: 16    XL:     6   Next: 17%
Magic:  6/6        EV: 11    Int: 10    God:    Beogh [**....]
Gold:   86         SH:  0    Dex: 13    Spells: 5/5 levels left

rFire   . . .      SeeInvis .   a - +0 spear
rCold   . . .      Faith    .   (no shield)
rNeg    . . .      Spirit   .   l - +0 ring mail
rPois   .          Reflect  .   (no helmet)
rElec   .          Harm     .   (no cloak)
rCorr   .          Rampage  .   (no gloves)
Will    .....                   (no boots)
Stlth   +.........              (no amulet)
HPRegen 0.18/turn               (no ring)
MPRegen 0.10/turn               (no ring)

@: no status effects
A: no striking features
a: Renounce Religion, Smiting


You were on level 4 of the Dungeon.
You worshipped Beogh.
Beogh was pleased with you.
You visited 1 branch of the dungeon, and saw 4 of its levels.

You collected 86 gold pieces.

Inventory:

Hand Weapons
 a - a +0 spear (weapon)
Missiles
 h - 2 poisoned darts (quivered)
Armour
 b - a +0 robe
 l - a +0 ring mail (worn)
Jewellery
 u - a +4 ring of evasion
Wands
 r - a wand of polymorph (9)
Scrolls
 d - a scroll of magic mapping {unknown}
 g - a scroll of fear {unknown}
 i - a scroll of noise
 n - a scroll of acquirement {unknown}
 o - a scroll of poison {unknown}
 p - 2 scrolls of enchant weapon {unknown}
 q - a scroll of immolation {unknown}
 t - a scroll of summoning {unknown}
Potions
 c - a potion of ambrosia
 f - 2 potions of might {unknown}
 j - a potion of heal wounds {unknown}
 k - a potion of haste {unknown}
 m - a potion of degeneration {unknown}
 s - a potion of brilliance {unknown}


   Skills:
 + Level 5.0 Fighting
 + Level 5.3 Polearms
 + Level 1.9 Armour
 + Level 3.4 Dodging
 - Level 1.6 Stealth
 + Level 0.1 Unarmed Combat


You had 5 spell levels left.
You didn't know any spells.
Your spell library contained the following spells:

 Spells                   Type           Power      Damage    Failure   Level
 Ensorcelled Hibernation  Hex/Ice        0%         N/A       71%         2
 Spider Form              Tmut/Pois      0%         N/A       91%         3
 Anguish                  Hex/Necr       0%         N/A       100%        4


Dungeon Overview and Level Annotations

Branches:
Dungeon (4/15)
 Temple: D:4-7

Altars:

Shops:
D:4 *

Annotations:
D:3 1 runed translucent door, Crazy Yiuf


Message History

You feel better. The black bear barely misses you.
The black bear claws you but does no damage.
The black bear claws you.
You hit the black bear.
The black bear is severely wounded.
The black bear barely misses you. The black bear claws you.
The black bear closely misses you.
You barely miss the black bear.
The black bear is severely wounded.
The black bear bites you. The black bear closely misses you.
The black bear barely misses you.
You hit the black bear.
The black bear is severely wounded.
The black bear closely misses you. The black bear claws you.
* * * LOW HITPOINT WARNING * * *
The black bear claws you but does no damage.
The black bear closely misses you. The black bear claws you.
* * * LOW HITPOINT WARNING * * *
The black bear closely misses you.
You feel better. The black bear bites you.
* * * LOW HITPOINT WARNING * * *
The black bear barely misses you. The black bear claws you.
* * * LOW HITPOINT WARNING * * *
You feel better. The black bear bites you.
* * * LOW HITPOINT WARNING * * *
The black bear claws you.
* * * LOW HITPOINT WARNING * * *
The black bear claws you but does no damage.
The black bear closely misses you. The black bear claws you.
* * * LOW HITPOINT WARNING * * *
The black bear claws you.
* * * LOW HITPOINT WARNING * * *
You hit the black bear.
The black bear is severely wounded.
The black bear bites you but does no damage.
The black bear claws you but does no damage. x2
You hit the black bear.
The black bear is almost dead.
The black bear bites you.
You die...

#.............'.....
#.............#.....
#.............<#.#..
#####.......####+#......
.................###.#..
#######.########.###.##.
#.# #.##........ #.# #h#
#.##.#### #@# #(# #.##.#
#h##h# #.##.# #.#.#
#.##.# ##.# #.##.#
#.#....# #.##.# ##
..#..##.##[# .=# .#.....
#.# .#


You could see a black bear (berserk).

Vanquished Creatures
  A hound (D:3)
  A jelly (D:4)
  Terence (D:3)
  Natasha (thrice) (D:3)
  3 adders
  A worm (D:2)
  A dart slug (D:3)
  7 ball pythons
  7 endoplasms
  4 giant cockroaches
  A goblin (D:2)
  2 hobgoblins
  15 jackals
  3 quokkas
  7 bats
  5 frilled lizards
  3 kobolds
  A rat (D:3)
  A spectral goblin (D:3)
67 creatures vanquished.

Notes
Turn   | Place    | Note
-------+----------+-------------------------------------------
     0 | D:1      | greenreed the Hill Orc Monk began the quest for the Orb.
     0 | D:1      | Reached XP level 1. HP: 19/19 MP: 1/1
   211 | D:1      | You fall into a shaft and drop 1 floor!
   391 | D:1      | Reached XP level 2. HP: 25/27 MP: 2/2
   906 | D:1      | Reached XP level 3. HP: 33/33 MP: 3/3
  2293 | D:3      | Reached XP level 4. HP: 36/40 MP: 4/4
  2333 | D:3      | Noticed Natasha
  2344 | D:3      | Killed Natasha
  2561 | D:3      | Noticed Natasha
  2581 | D:3      | Killed Natasha
  2582 | D:3      | Reached XP level 5. HP: 25/47 MP: 5/5
  2726 | D:3      | Noticed Terence
  2733 | D:3      | Noticed Natasha
  2767 | D:3      | Reached skill level 1 in Armour
  2913 | D:3      | Killed Natasha
  2914 | D:3      | Reached skill level 5 in Polearms
  3012 | D:3      | Found a faded altar of an unknown god.
  3075 | D:3      | Killed Terence
  3917 | D:3      | Reached XP level 6. HP: 55/55 MP: 6/6
  4022 | D:3      | Found a runed translucent door.
  4023 | D:3      | Noticed Crazy Yiuf
  4064 | D:4      | Became a worshipper of Beogh the Brigand
  4064 | D:4      | Reached * piety under Beogh
  4064 | D:4      | Reached ** piety under Beogh
  4091 | D:4      | Found Ymnitel's Overcharged Wands.
  4165 | D:4      | Reached skill level 5 in Fighting
  4224 | D:4      | Noticed a black bear
  4262 | D:4      | Slain by a black bear

Illustrated notes

Levels and vault maps discovered:
D:1:      dpeg_arrival_stonehenge_8_columns, layout_basic, chequers_arboretum
D:2:      layout_basic
D:3:      layout_basic, dreamdust_ecumenical_altar_drowned_temple,
          minmay_distorted, uniq_terence, uniq_crazy_yiuf_cottage, uniq_natasha
D:4:      wad_crossroads, layout_basic, hangedman_decor_clover_reticule,
          chequers_serial_rivers_micro_d, nicolae_shop_overcharged_wands

Skill      XL: |  1  2  3  4  5  6 |
---------------+-------------------+-----
Fighting       | 4 5 |  5.0
Polearms       | 4 5 |  5.3
Dodging        | 3 |  3.4
Armour         | 1 |  1.9
Stealth        | |  1.6
Unarmed Combat | |  0.1

Action                   |  1- 3 |  4- 6 || total
-------------------------+-------+-------++-------
Melee: Spear             |   175 |   181 ||   356
       Punch             |     1 |     1 ||     2
       Unarmed           |       |     7 ||     7
Invok: Convert to Beogh  |       |     1 ||     1
  Use: Scroll            |     2 |       ||     2
       Potion            |       |     7 ||     7
 Stab: Sleeping          |     5 |     1 ||     6
       Confused          |       |     1 ||     1
Armor: Robe              |    15 |       ||    15
       Ring mail         |     7 |    60 ||    67
Dodge: Dodged            |    94 |   110 ||   204

Table legend: (Time is in decaauts)
 A = Elapsed time spent in this place.
 B = Non-inter-level travel time spent in this place.
 C = Inter-level travel time spent in this place.
 D = Time resting spent in this place.
 E = Time spent auto-exploring this place.
 F = Levels seen in this place.
 G = Mean time per level.
                   A        B        C        D        E       F      G
               +--------+--------+--------+--------+--------+-----+--------+
         Total |   4242 |   4122 |    120 |    276 |   3238 |   4 | 1060.5 |
       Dungeon |   4242 |   4122 |    120 |    276 |   3238 |   4 | 1060.5 |
               +--------+--------+--------+--------+--------+-----+--------+

Top non-repeatable levels by time:
     D:3: 1778 daAuts
     D:1: 1413 daAuts
     D:2: 857 daAuts
     D:4: 193 daAuts
